 Dungeon Crawl Stone Soup version 0.29-a0-845-g6161e89988 (webtiles) character file.

Game seed: 16330243535035620607

9 mathmaestro the Grave Robber (level 2, 20/20 HPs)
             Began as a Demonspawn Necromancer on July 16, 2022.
             Quit the game on level 2 of the Dungeon.
             The game lasted 00:00:59 (741 turns).

mathmaestro the Grave Robber (DsNe)                  Turns: 741, Time: 00:01:00

Health: 20/20      AC:  2    Str:  8    XL:     2   Next: 3%
Magic:  3/5        EV: 12    Int: 16    God:
Gold:   49         SH:  4    Dex: 13    Spells: 4/5 levels left

rFire   . . .      SeeInvis .   d - +0 short sword
rCold   . . .      Faith    .   (no shield)
rNeg    . . .      Spirit   .   a - +0 robe
rPois   .          Reflect  .   (no helmet)
rElec   .          Harm     .   (no cloak)
rCorr   .          Rampage  .   (no gloves)
Will    .....                   (no boots)
Stlth   ++........              (no amulet)
HPRegen 0.06/turn               (no ring)
MPRegen 0.09/turn               (no ring)

@: no status effects
A: condensation shield
a: no special abilities


You were on level 2 of the Dungeon.
You visited 1 branch of the dungeon, and saw 2 of its levels.

You collected 49 gold pieces.

Inventory:

Hand Weapons
 d - a +0 short sword (weapon)
Armour
 a - a +0 robe (worn)
Scrolls
 c - 5 scrolls of identify {unknown}
 e - a scroll of magic mapping {unknown}
 f - a scroll of fear {unknown}
 g - a scroll of enchant weapon {unknown}
Potions
 b - a potion of magic
 h - a potion of flight {unknown}
 i - a potion of haste {unknown}
 j - a potion of berserk rage {unknown}


   Skills:
 + Level 0.4 Fighting
 + Level 1.9 Dodging
 - Level 2.0 Stealth
 + Level 2.1 Spellcasting
 + Level 4.5 Necromancy


You had 4 spell levels left.
You knew the following spells:

 Your Spells              Type           Power      Damage    Failure   Level
a - Necrotise             Necr           64%        1d7       3%          1

Your spell library contained the following spells:

 Spells                   Type           Power      Damage    Failure   Level
 Vampiric Draining        Necr           16%        2d7       10%         3
 Animate Dead             Necr           16%        N/A       32%         4
 Agony                    Necr           16%        N/A       65%         5


Dungeon Overview and Level Annotations

Branches:
Dungeon (2/15)

Altars:

Shops:
D:2 (


Innate Abilities, Weirdness & Mutations

A meltable shield of frost defends you. (SH +4)


Message History

Aim: a quokka (wandering, hasn't noticed you, chance to affect: 85%)
The quokka writhes in agony!
You kill the quokka!
The dead are hopping!
Found Ritaul's Weapon Emporium.
You swap places.
Found 14 gold pieces.
There is an entrance to Ritaul's Weapon Emporium here.
Found a stone staircase leading down.
You now have 49 gold pieces (gained 14).
j - a metallic silvery potion Your quokka skeleton crumbles into dust!
A kobold comes into view. It is wielding a +0 short sword.
Casting: Necrotise (safe; 3% risk of failure)
Confirm with . or Enter, or press ? or * to list all spells.
Aiming: Necrotise (safe; 3% risk of failure)
Press: ? - help, Shift-Dir - straight line, f - kobold
Aim: a kobold, wielding a +0 short sword (asleep, chance to affect: 85%)
The kobold shouts!
The kobold writhes in agony.
You kill the kobold!
The dead are walking!
Your kobold skeleton crumbles into dust!
An endoplasm comes into view.
An endoplasm is nearby!
An endoplasm is nearby!
Casting: Necrotise (safe; 3% risk of failure)
Confirm with . or Enter, or press ? or * to list all spells.
Aiming: Necrotise (safe; 3% risk of failure)
Press: ? - help, Shift-Dir - straight line, f - endoplasm
Aim: an endoplasm (asleep, chance to affect: 86%)
The endoplasm quivers.
The endoplasm writhes in agony.
You kill the endoplasm!
Training target 2.0 for Stealth reached!
Your Stealth skill increases to level 2!
You have reached level 2!
Your demonic ancestry asserts itself...
Frost condenses into a shield before you.
Okay, then.
Are you sure you want to abandon this character and quit the game? (Confirm with "yes".)

...###.#.##.##..####.######
#..###.#.##.##..####.##
.............#........#
......>......#........#
...##....##..#.#####..#
.............#. #.....#
...##.#..##..#.##.##..#
.........#............#
................@.....#
...###...#......?...#.#
.#.# #.#.#####..#.# #
#..### ..# ..# ..#


There were no monsters in sight!

Vanquished Creatures
  An endoplasm (D:2)
  A hobgoblin (D:1)
  A kobold (D:2)
  2 quokkas
  2 frilled lizards (D:1)
  A rat (D:2)
8 creatures vanquished.

Notes
Turn   | Place    | Note
-------+----------+-------------------------------------------
     0 | D:1      | mathmaestro the Demonspawn Necromancer began the quest for
                  | the Orb.
     0 | D:1      | Reached XP level 1. HP: 13/13 MP: 3/3
   651 | D:2      | Found Ritaul's Weapon Emporium.
   741 | D:2      | Gained mutation: A meltable shield of frost defends you.
                  | (SH +4) [demonic ancestry]
   741 | D:2      | Reached XP level 2. HP: 20/20 MP: 3/5
   741 | D:2      | Quit the game

Illustrated notes

Levels and vault maps discovered:
D:1:      dpeg_arrival_rooms_a, layout_rooms, patterned_corridor
D:2:      layout_basic, serial_shops, nicolae_shop_trees,
          shapermc_ecumenical_altar_mp_vishouse, uniq_jessica

Skill      XL: |  1 |
---------------+----+-----
Stealth        | 2 |  2.0
Fighting       | |  0.4
Dodging        | |  1.9
Spellcasting   | |  2.1
Necromancy     | |  4.5

Action                   || total
-------------------------++-------
 Cast: Necrotise         ||     9

Table legend: (Time is in decaauts)
 A = Elapsed time spent in this place.
 B = Non-inter-level travel time spent in this place.
 C = Inter-level travel time spent in this place.
 D = Time resting spent in this place.
 E = Time spent auto-exploring this place.
 F = Levels seen in this place.
 G = Mean time per level.
                   A        B        C        D        E       F      G
               +--------+--------+--------+--------+--------+-----+--------+
         Total |    740 |    715 |     25 |      0 |    663 |   2 |  370.0 |
       Dungeon |    740 |    715 |     25 |      0 |    663 |   2 |  370.0 |
               +--------+--------+--------+--------+--------+-----+--------+

Top non-repeatable levels by time:
     D:1: 598 daAuts
     D:2: 141 daAuts
